 Dungeon Crawl Stone Soup version 0.28.0 (webtiles) character file.

Game seed: 12222439412438903562

4 willcat the Ducker (level 1, -1/10 HPs)
             Began as a Felid Monk on Feb 11, 2022.
             Slain by a giant cockroach (2 damage)
             ... on level 1 of the Dungeon.
             The game lasted 00:00:11 (208 turns).

willcat the Ducker (Felid Monk)                      Turns: 208, Time: 00:00:12

Health: -1/10      AC:  1    Str:  7    XL:     1   Next: 50%
Magic:  2/2        EV: 19    Int: 11    God:
Gold:   0          SH:  0    Dex: 18    Spells: 0/0 levels left
                                        Lives:  0   Deaths: 0

rFire   . . .      SeeInvis +     - Unarmed
rCold   . . .      Faith    .   (shield unavailable)
rNeg    . . .      Spirit   .   (armour unavailable)
rPois   .          Reflect  .   (helmet unavailable)
rElec   .          Harm     .   (cloak unavailable)
rCorr   .          Rampage  .   (gloves unavailable)
Will    .....                   (boots unavailable)
Stlth   ++........              (no amulet)
HPRegen 0.03/turn               (no ring)
MPRegen 0.08/turn               (no ring)

@: quick
A: very small, claws 1, fangs 3, see invisible, speed 1, shaggy fur 1, stealthy
paws, no weapons or thrown items, no armour, multi-lived
a: no special abilities


You were on level 1 of the Dungeon.
You visited 1 branch of the dungeon, and saw 1 of its levels.

You aren't carrying anything.


   Skills:
 + Level 3.0 Fighting
 + Level 4.1 Dodging
 + Level 2.8 Stealth
 + Level 3.0 Unarmed Combat
 + Level 0.2 Spellcasting


You couldn't memorise any spells.
You didn't know any spells.
Your spell library was empty.

Dungeon Overview and Level Annotations

Branches:
Dungeon (1/15)

Altars:


Innate Abilities, Weirdness & Mutations

You have sharp claws.
You have razor-sharp teeth.
You have supernaturally acute eyesight. (SInv)
You cover ground quickly. (Speed+)
You are covered in fur. (AC +1)
Your paws help you pounce on unaware monsters.
You are incapable of wielding weapons or throwing items.
You cannot wear armour.
You gain extra lives every three experience levels.


Message History

The helpless frilled lizard fails to defend itself.
You mangle the frilled lizard!!
You kill the frilled lizard!
The bat misses you.
A giant cockroach comes into view.
Found 21 gold pieces and a leather armour.
The bat closely misses you.
There are monsters nearby!
A kobold and a giant cockroach come into view.
The kobold shouts!
The bat misses you.
You barely miss the bat. The bat misses you. x2
A bat comes into view.
You scratch the bat.
The bat is moderately wounded.
The bat misses you. The bat barely misses you.
You scratch the bat.
You kill the bat!
The bat closely misses you.
An endoplasm comes into view.
The kobold closely misses you.
You barely miss the kobold. The bat misses you. x2
The kobold hits you with a +0 dagger.
You barely miss the kobold. The kobold hits you with a +0 dagger.
The endoplasm quivers.
You scratch the kobold.
The kobold is severely wounded.
The giant cockroach closely misses you. The kobold hits you with a +0 dagger.
You are too injured to fight recklessly!
You are too injured to fight recklessly!
Unknown command.
The bat closely misses you. The bat completely misses you.
The bat hits you but does no damage. The bat hits you but does no damage.
The bat misses you.
The bat closely misses you. x2; The kobold hits you with a +0 dagger.
* * * LOW HITPOINT WARNING * * *
The giant cockroach bites you.
You die... ########.#.#.# #............# # #.########.##### ##.## #...... ##...# ######. #....# ###. #....# #... #.#### #)## ##@## #..# #BKb#

#''# ###.#.#
# #..#
#†.J#...# ..
###''#
#...###.#....
#(..§§
#............
#§≈≈§§
#.###.#....#
#.≈≈§§
#....J# ....
#.....
#..##$# ...
###''#


You could see an endoplasm, a giant cockroach, a bat and a kobold.

Vanquished Creatures
  A goblin (D:1)
  A hobgoblin (D:1)
  A bat (D:1)
  A frilled lizard (D:1)
4 creatures vanquished.

Notes
Turn   | Place    | Note
-------+----------+-------------------------------------------
     0 | D:1      | willcat the Felid Monk began the quest for the Orb.
     0 | D:1      | Reached XP level 1. HP: 10/10 MP: 2/2
   208 | D:1      | Slain by a giant cockroach

Illustrated notes

Levels and vault maps discovered:
D:1:      lightli_arrival_lavapool, layout_loops_cross, serial_shops,
          nicolae_shop_window_shopping, shop, nicolae_shop_bloodbath_and_beyond,
          shop, shop, minmay_tromino_mix6

Action                   || total
-------------------------++-------
Melee: Unarmed           ||    12
 Stab: Sleeping          ||     1
Armor: Skin              ||     2
Dodge: Dodged            ||    19
